 Dungeon Crawl Stone Soup version 0.29-a0-732-g3d7fbe0af2 (webtiles) character file.

Game seed: 14835925912238011170

82 YayAnonymity the Cudgeller (level 4, -3/42 HPs)
             Began as a Troll Gladiator on June 29, 2022.
             Slain by a gnoll
             ... wielding a +2 halberd of pain
              (5 damage)
             ... on level 2 of the Dungeon on June 30, 2022.
             The game lasted 00:02:50 (1435 turns).

YayAnonymity the Cudgeller (Troll Gladiator)        Turns: 1435, Time: 00:02:51

Health: -3/42      AC:  4    Str: 24    XL:     4   Next: 21%
Magic:  3/3        EV: 10    Int:  4    God:
Gold:   97         SH:  0    Dex: 11    Spells: 3/3 levels left

rFire   . . .      SeeInvis .   a - +0 flail
rCold   . . .      Faith    .   (no shield)
rNeg    . . .      Spirit   .   b - +0 robe
rPois   .          Reflect  .   c - +0 hat
rElec   .          Harm     .   (no cloak)
rCorr   .          Rampage  .   (gloves unavailable)
Will    .....                   (boots unavailable)
Stlth   +.........              (no amulet)
HPRegen 0.94/turn               (no ring)
MPRegen 0.08/turn               (no ring)

@: no status effects
A: large, unfitting armour, claws 3, regeneration 1, shaggy fur 1, tough skin 1
a: no special abilities


You were on level 2 of the Dungeon.
You visited 1 branch of the dungeon, and saw 2 of its levels.

You collected 97 gold pieces.

Inventory:

Hand Weapons
 a - a +0 flail (weapon)
Missiles
 d - 3 throwing nets (quivered)
 e - a large rock
Armour
 b - a +0 robe (worn)
 c - a +0 hat (worn)
Scrolls
 g - 6 scrolls of identify {unknown}
 i - a scroll of poison {unknown}
 j - a scroll of acquirement {unknown}
 l - a scroll of enchant armour {unknown}
 m - a scroll of magic mapping {unknown}
 n - a scroll of blinking {unknown}
 q - a scroll of fog {unknown}
 r - a scroll of summoning {unknown}
Potions
 f - a potion of brilliance {unknown}
 h - 3 potions of lignification {unknown}
 k - a potion of degeneration {unknown}
 o - a potion of curing {unknown}
 p - a potion of haste {unknown}
 s - a potion of magic {unknown}


   Skills:
 + Level 2.2 Fighting
 * Level 3.8 Maces & Flails
 - Level 1.7 Throwing
 + Level 2.9 Dodging


You had 3 spell levels left.
You didn't know any spells.
Your spell library contained the following spells:

 Spells                   Type           Power      Damage    Failure   Level
 Poisonous Vapours        Pois/Air       0%         N/A       65%         2
 Corpse Rot               Necr/Pois/Air  0%         N/A       99%         4


Dungeon Overview and Level Annotations

Branches:
Dungeon (2/15)

Altars:


Innate Abilities, Weirdness & Mutations

You are too large for most types of armour.
You have claws for hands.
Your natural rate of healing is unusually fast.
You are covered in fur. (AC +1)
You have tough skin. (AC +1)


Message History

The gnoll barely misses you.
You hit the gnoll but do no damage.
The gnoll is heavily wounded.
The gnoll closely misses you.
You barely miss the gnoll.
The gnoll is heavily wounded.
The gnoll completely misses you.
You hit the gnoll.
The gnoll is almost dead.
The gnoll hits you with a +0 halberd.
* * * LOW HITPOINT WARNING * * *
The gnoll hits you with a +0 halberd.
* * * LOW HITPOINT WARNING * * *
You sock the gnoll!
You kill the gnoll!
Things that are here:
a +0 halberd; a +0 flail; a gnoll corpse You start resting.
HP restored.
There is a stone staircase leading down here.
You climb downwards.
There is a stone staircase leading up, spattered with blood here.
The gnoll closely misses you.
The gnoll hits you with a +2 halberd of pain!
You writhe in agony.
You hit the gnoll but do no damage.
The gnoll hits you with a +2 halberd of pain! x2
You writhe in agony.
You sock the gnoll!
The gnoll is almost dead.
The gnoll hits you with a +2 halberd of pain!
* * * LOW HITPOINT WARNING * * *
You closely miss the gnoll.
The gnoll is almost dead.
The gnoll hits you with a +2 halberd of pain.
* * * LOW HITPOINT WARNING * * *
You hit the gnoll.
The gnoll is almost dead.
The gnoll hits you with a +2 halberd of pain.
You die...

....##......###.#..........##....
............# #.#................
............###.............>....
.....................#..........#
.........##........###......÷....
.........##.................###..
.........##......................
.........##......g...............
.........######.@.#..............
..............#.............#....
...........÷.....#..........#....
..######.....<.........##...#....
..# #.........#..........#....
.#######.........#..........###..
....#............#..........# #..
....#.................#....## #..
....#.................#....####..


You could see a gnoll.

Vanquished Creatures
  3 gnolls
  An adder (D:2)
  A dart slug (D:1)
  4 endoplasms
  A giant cockroach (D:1)
  3 goblins
  7 hobgoblins
  3 kobolds (D:1)
  2 quokkas
  3 ball pythons (D:1)
  5 bats
  4 frilled lizards (D:1)
  3 rats
40 creatures vanquished.

Notes
Turn   | Place    | Note
-------+----------+-------------------------------------------
     0 | D:1      | YayAnonymity the Troll Gladiator began the quest for the
                  | Orb.
     0 | D:1      | Reached XP level 1. HP: 19/19 MP: 0/0
   216 | D:1      | Reached skill level 3 in Maces & Flails
   230 | D:1      | Reached XP level 2. HP: 28/28 MP: 1/1
   554 | D:1      | Found a faded altar of an unknown god.
   764 | D:1      | Reached XP level 3. HP: 35/35 MP: 2/2
  1373 | D:1      | Reached XP level 4. HP: 40/42 MP: 3/3
  1433 | D:2      | HP: 1/42 [gnoll/+2 halberd of pain (15)]
  1435 | D:2      | Slain by a gnoll

Illustrated notes

Levels and vault maps discovered:
D:1:      nicolae_arrival_somewhat_less_tricky_arrival, layout_basic,
          ebering_ecumenical_altar_mist
D:2:      layout_basic, amethyst_killhole, kennysheep_crisscross

Skill      XL: |  1  2 |
---------------+-------+-----
Maces & Flails | 3 |  3.8
Fighting       | 2 |  2.2
Throwing       | |  1.7
Dodging        | |  2.9

Action                   |  1- 3 |  4- 6 || total
-------------------------+-------+-------++-------
Melee: Flail             |   101 |    13 ||   114
       Punch             |     2 |       ||     2
Armor: Robe              |    43 |       ||    43
Dodge: Dodged            |    61 |     7 ||    68

Table legend: (Time is in decaauts)
 A = Elapsed time spent in this place.
 B = Non-inter-level travel time spent in this place.
 C = Inter-level travel time spent in this place.
 D = Time resting spent in this place.
 E = Time spent auto-exploring this place.
 F = Levels seen in this place.
 G = Mean time per level.
                   A        B        C        D        E       F      G
               +--------+--------+--------+--------+--------+-----+--------+
         Total |   1463 |   1437 |     26 |     44 |   1028 |   2 |  731.5 |
       Dungeon |   1463 |   1437 |     26 |     44 |   1028 |   2 |  731.5 |
               +--------+--------+--------+--------+--------+-----+--------+

Top non-repeatable levels by time:
     D:1: 932 daAuts
     D:2: 530 daAuts
